 Dungeon Crawl Stone Soup version 0.23-a0-169-gb21e69520c (webtiles) character file.

180 PikkenKukken the Insei (level 5, -3/42 HPs)
             Began as a Demonspawn Monk on Sept 12, 2018.
             Splashed by Ijyb's acid (8 damage)
             ... on level 3 of the Dungeon.
             The game lasted 00:03:57 (2092 turns).

PikkenKukken the Insei (Demonspawn Monk)            Turns: 2092, Time: 00:03:57

Health: -3/42      AC:  6    Str: 12    XL:     5   Next: 33%
Magic:  5/5        EV:  3    Int: 12    God:
Gold:   102        SH:  0    Dex: 15    Spells: 4/4 levels left

rFire    . . .     SeeInvis .     - Unarmed
rCold    . . .     Gourm    .   (no shield)
rNeg     + . .     Faith    +   l - +0 plate armour
rPois    .         Spirit   .   (helmet restricted)
rElec    .         Reflect  .   (no cloak)
rCorr    .         Harm     .   (no gloves)
MR       .....                  (no boots)
Stlth    ..........             e - amulet of faith
HPRegen  0.14/turn              d - ring of positive energy
MPRegen  0.09/turn              (no ring)

@: corroded
A: claws 2, hooves 1, horns 1
a: no special abilities


You were on level 3 of the Dungeon.
You were not hungry.

You visited 1 branch of the dungeon, and saw 3 of its levels.

You collected 102 gold pieces.

Inventory:

Armour
 l - a +0 plate armour (worn)
Jewellery
 d - a ring of positive energy (left claw)
 e - an amulet of faith (around neck)
Scrolls
 a - a scroll of identify
 h - 2 scrolls of teleportation
Potions
 c - 2 potions of haste {unknown}
 f - a potion of mutation {unknown}
 i - a potion of brilliance {unknown}
 j - 2 potions of curing
Comestibles
 b - 4 rations
 g - a chunk of flesh


   Skills:
 + Level 3.7 Fighting
 + Level 1.8 Armour
 + Level 3.4 Dodging
 - Level 1.7 Stealth
 * Level 4.1 Unarmed Combat


You had 4 spell levels left.
You didn't know any spells.
Your spell library was empty.

Dungeon Overview and Level Annotations

Branches:
Dungeon (3/15)

Altars:
The Shining One

Annotations:
D:3 Ijyb


Innate Abilities, Weirdness & Mutations

You have very sharp fingernails.
You have large cloven feet.
You have a pair of small horns on your head.


Message History

Done exploring.
Done exploring.
(D) Dungeon
Where to? (Enter - D:2, ? - help)
What level of the Dungeon? (default 1, ? - help)
There is a stone staircase leading down here.
You climb downwards.
Ijyb the Twisted Goblin comes into view.
Ijyb shouts!
Found a scroll of identify.
Found a stone staircase leading down.
There is a stone staircase leading up here.
Ijyb zaps a wand.
The bolt of acid hits you! The acid corrodes you!
You are splashed with acid!
The acid burns!
It is a wand of acid (10).
You are too injured to fight recklessly!
You are too injured to fight recklessly!
There is a stone staircase leading up here.
Ijyb zaps a wand.
The bolt of acid hits you!
* * * LOW HITPOINT WARNING * * *
You are splashed with acid!
The acid burns!
You die...

# # #####.####
###.#.@.......
#....g..?.####
#....>###.#
#...### # ##.#
#. #


You could see Ijyb.

Vanquished Creatures
  A water moccasin skeleton (D:2)
  2 orc priests
  An adder (D:2)
  A worm (D:2)
  2 dart slugs (D:1)
  A leopard gecko (D:2)
  2 orcs
  A ball python (D:2)
  6 bats (D:2)
  2 giant cockroaches (D:1)
  3 goblins
  5 hobgoblins
  12 jackals
  2 frilled lizards
  5 kobolds
  6 rats
52 creatures vanquished.

Notes
Turn   | Place    | Note
-------+----------+-------------------------------------------
     0 | D:1      | PikkenKukken the Demonspawn Monk began the quest for the
                  | Orb.
     0 | D:1      | Reached XP level 1. HP: 18/18 MP: 1/1
   388 | D:1      | Gained mutation: You have a pair of small horns on your
                  | head. [demonic ancestry]
   388 | D:1      | Reached XP level 2. HP: 24/24 MP: 2/2
   392 | D:1      | Reached skill level 3 in Unarmed Combat
   696 | D:1      | Gained mutation: You have sharp fingernails. [demonic
                  | ancestry]
   696 | D:1      | Reached XP level 3. HP: 29/29 MP: 3/3
   976 | D:2      | Reached skill level 1 in Armour
   976 | D:2      | Gained mutation: You have large cloven feet. [demonic
                  | ancestry]
   976 | D:2      | Reached XP level 4. HP: 16/35 MP: 4/4
  1512 | D:2      | Reached skill level 4 in Unarmed Combat
  1512 | D:2      | Gained mutation: You have very sharp fingernails. [demonic
                  | ancestry]
  1512 | D:2      | Reached XP level 5. HP: 35/42 MP: 5/5
  1814 | D:2      | Found a glowing golden altar of the Shining One.
  2089 | D:3      | Noticed Ijyb
  2092 | D:3      | Splashed by Ijyb's acid

Vault maps used:
D:1:      nzn_arrival_depleted_hourglass, lemuel_flame_loot_1
D:2:      tso_metal_star
D:3:      uniq_ijyb, uniq_natasha

Skill      XL: |  1  2  3  4 |
---------------+-------------+-----
Unarmed Combat | 3 4 |  4.1
Dodging        | 3 |  3.4
Armour         | 1 |  1.8
Fighting       | |  3.7
Stealth        | |  1.7

Action                   |  1- 3 |  4- 6 || total
-------------------------+-------+-------++-------
Melee: Unarmed           |   143 |    63 ||   206
       Headbutt          |    14 |     9 ||    23
       Punch             |     2 |       ||     2
       Kick              |       |    17 ||    17
  Use: Scroll            |     4 |     4 ||     8
  Eat: Chunk             |       |     4 ||     4
Armor: Chain mail        |    80 |    25 ||   105
       Plate armour      |       |    11 ||    11
Dodge: Dodged            |    30 |    21 ||    51

Table legend:
 A = Non-vault XP
 B = Vault XP
 C = Vault XP percentage of total XP
 D = Non-vault monster count
 E = Vault monster count
 F = Vault count percentage of total count
                 A         B        C        D         E       F
            +---------+---------+-------+---------+---------+-------
      Total |     258 |       0 |   0.0 |      52 |       0 |   0.0
            +---------+---------+-------+---------+---------+-------
        D:1 |      86 |       0 |   0.0 |      24 |       0 |   0.0
        D:2 |     172 |       0 |   0.0 |      28 |       0 |   0.0
            +---------+---------+-------+---------+---------+-------
